 Dungeon Crawl Stone Soup version 0.28-a0-1404-g4df0f3684d (webtiles) character file.

Game seed: 13846145633661073323

66 HallandMoats the Skirmisher (level 4, 0/38 HPs)
             Began as a Ghoul Fighter on Jan 6, 2022.
             Was a Follower of Fedhas.
             Slain by a worm (5 damage)
             ... on level 2 of the Dungeon.
             The game lasted 00:01:09 (1982 turns).

HallandMoats the Skirmisher (Ghoul Fighter)         Turns: 1982, Time: 00:01:09

Health: 0/38       AC:  6    Str: 19    XL:     4   Next: 15%
Magic:  3/3        EV:  9    Int:  3    God:    Fedhas [*.....]
Gold:   65         SH:  4    Dex: 10    Spells: 3/3 levels left

rFire   . . .      SeeInvis .   a - +0 war axe
rCold   + . .      Faith    .   c - +0 buckler
rNeg    + + +      Spirit   .   b - +0 scale mail
rPois   ∞          Reflect  .   (no helmet)
rElec   .          Harm     .   (no cloak)
rCorr   .          Rampage  .   (no gloves)
Will    .....                   (no boots)
Stlth   ..........              (no amulet)
HPRegen 0.00/turn               (no ring)
MPRegen 0.08/turn               (no ring)

@: inhibited regen
A: claws 1, cold resistance 1, negative energy resistance 3, inhibited
regeneration, torment resistance 2
a: Renounce Religion


You were on level 2 of the Dungeon.
You worshipped Fedhas.
Fedhas was aware of your devotion.
You visited 1 branch of the dungeon, and saw 2 of its levels.

You collected 65 gold pieces.

Inventory:

Hand Weapons
 a - a +0 war axe (weapon)
Armour
 b - a +0 scale mail (worn)
 c - a +0 buckler (worn)
Scrolls
 e - 3 scrolls of teleportation {unknown}
 f - 4 scrolls of identify {unknown}
 h - 2 scrolls of amnesia {unknown}
 i - a scroll of noise {unknown}
 j - a scroll of fear {unknown}
 k - a scroll of magic mapping {unknown}
Potions
 d - a potion of might
 g - a potion of curing {unknown}


   Skills:
 + Level 3.5 Fighting
 * Level 2.6 Axes
 + Level 3.0 Armour
 + Level 0.7 Dodging
 + Level 3.1 Shields
 + Level 1.2 Invocations


You had 3 spell levels left.
You didn't know any spells.
Your spell library was empty.

Dungeon Overview and Level Annotations

Branches:
Dungeon (2/15)

Altars:
Fedhas


Innate Abilities, Weirdness & Mutations

You thrive by killing the living.
You are immune to poison.
You have sharp fingernails.
Your flesh is cold resistant. (rC+)
You are immune to negative energy. (rN+++)
You do not regenerate when monsters are visible.
You are immune to unholy pain and torment.


Message History

The worm is moderately wounded.
The worm bites you.
A worm is nearby!
You slash the worm!
The worm is severely wounded.
The worm completely misses you.
A worm is nearby!
You barely miss the worm.
The worm is heavily wounded.
The worm bites you!
A worm is nearby!
You are too injured to fight recklessly!
A worm is nearby!
You are too injured to fight recklessly!
A worm is nearby!
You are too injured to fight recklessly!
A worm is nearby!
You are too injured to fight recklessly!
A worm is nearby!
You are too injured to fight recklessly!
A worm is nearby!
You are too injured to fight recklessly!
The worm barely misses you. The worm bites you.
The worm bites you but does no damage. You block the worm's attack.
The worm closely misses you. The worm bites you!
* * * LOW HITPOINT WARNING * * *
The worm barely misses you. The worm closely misses you.
The worm barely misses you. The worm closely misses you.
The worm barely misses you. The worm bites you.
* * * LOW HITPOINT WARNING * * *
You block the worm's attack. The worm bites you.
You die...
Fedhas appreciates your contribution to the ecosystem.

##
#.###..#..##........
#
#.....###....#####.#
# #####..#..##.# #
##..[###.#####.# #
##............#
######.####### #.#
.#######.####
......w@....#
.........##.#
########## #


You could see a worm.

Vanquished Creatures
  2 adders (D:2)
  A worm (D:2)
  5 bats
  5 endoplasms
  6 giant cockroaches
  7 goblins
  A hobgoblin (D:2)
  2 quokkas (D:2)
  2 ball pythons (D:1)
  A frilled lizard (D:2)
  5 kobolds
  2 rats (D:1)
39 creatures vanquished.

Notes
Turn   | Place    | Note
-------+----------+-------------------------------------------
     0 | D:1      | HallandMoats the Ghoul Fighter began the quest for the Orb.
     0 | D:1      | Reached XP level 1. HP: 19/19 MP: 0/0
   147 | D:1      | Reached XP level 2. HP: 25/26 MP: 1/1
  1075 | D:1      | Reached XP level 3. HP: 28/31 MP: 2/2
  1509 | D:2      | Found a faded altar of an unknown god.
  1534 | D:2      | Reached skill level 1 in Invocations
  1558 | D:2      | Prayed at the altar of an unknown god.
  1558 | D:2      | Became a worshipper of Fedhas Madash
  1558 | D:2      | Reached * piety under Fedhas
  1796 | D:2      | Reached XP level 4. HP: 38/38 MP: 3/3
  1982 | D:2      | Slain by a worm

Illustrated notes

Levels and vault maps discovered:
D:1:      saegor_arrival_simple_c, layout_loops_corners,
          serial_co_window_serial, co_window_paths_b,
          co_window_of_opportunity_a, co_window_corner_a, co_window_paths_b,
          co_window_paths_a, co_window_paths_b, co_window_paths_b,
          co_window_paths_a, co_window_paths_a, co_window_broadway_b,
          co_window_unsneaky_path_d, co_window_2corner, co_window_paths_c,
          co_window_paths_d, co_window_4corner_b, glass_columns_b,
          glass_columns_c, dk_noncrumbling_4
D:2:      layout_loops_ring, hellmonk_ecumenical_altar_run_dry

Skill      XL: |  1  2  3 |
---------------+----------+-----
Axes           | 2 |  2.6
Invocations    | 1 |  1.2
Shields        | 3 |  3.1
Armour         | 3 |  3.0
Fighting       | |  3.5
Dodging        | |  0.7

Action                   |  1- 3 |  4- 6 || total
-------------------------+-------+-------++-------
Melee: War axe           |   105 |     8 ||   113
Armor: Scale mail        |    59 |     4 ||    63
Dodge: Dodged            |    49 |     8 ||    57
Block: Buckler           |    18 |     5 ||    23

Table legend: (Time is in decaauts)
 A = Elapsed time spent in this place.
 B = Non-inter-level travel time spent in this place.
 C = Inter-level travel time spent in this place.
 D = Time resting spent in this place.
 E = Time spent auto-exploring this place.
 F = Levels seen in this place.
 G = Mean time per level.
                   A        B        C        D        E       F      G
               +--------+--------+--------+--------+--------+-----+--------+
         Total |   2029 |   1968 |     61 |      0 |   1658 |   2 | 1014.5 |
       Dungeon |   2029 |   1968 |     61 |      0 |   1658 |   2 | 1014.5 |
               +--------+--------+--------+--------+--------+-----+--------+

Top non-repeatable levels by time:
     D:1: 1456 daAuts
     D:2: 573 daAuts
